 Dungeon Crawl Stone Soup version 0.30.0-19-g36f170ea60 (webtiles) character file.

Game seed: 3581310293780455865

9 Sabo the Ducker (level 2, 21/22 HPs)
             Began as a Demonspawn Gladiator on June 1, 2023.
             Got out of the dungeon alive.
             The game lasted 00:00:26 (80 turns).

Sabo the Ducker (Demonspawn Gladiator)                Turns: 80, Time: 00:00:26

Health: 21/22      AC:  4    Str: 14    XL:     2   Next: 3%
Magic:  2/2        EV: 12    Int:  9    God:
Gold:   0          SH:  0    Dex: 14    Spells: 1/1 levels left

rFire   . . .        a - +0 war axe
rCold   . . .        (no shield)
rNeg    . . .        b - +0 leather armour
rPois   .            c - +0 helmet
rElec   .            (no cloak)
rCorr   .            (no gloves)
SInv    .            (no boots)
Will    .....        (no amulet)
Stlth   +            (no ring)
HPRegen 0.23/turn    (no ring)
MPRegen 0.08/turn

%: no passive effects
@: no status effects
A: demonic magic 1
a: no special abilities


You escaped.
You visited 1 branch of the dungeon, and saw 1 of its levels.

Inventory:

Hand Weapons
 a - a +0 war axe (weapon)
Missiles
 d - 3 throwing nets (quivered)
 e - a javelin
Armour
 b - a +0 leather armour (worn)
 c - a +0 helmet (worn)
Scrolls
 f - a scroll of fear {unknown}


   Skills:
 + Level 2.0 Fighting
 + Level 2.9 Axes
 + Level 2.0 Throwing
 + Level 2.9 Dodging


You had one spell level left.
You didn't know any spells.
Your spell library was empty.

Dungeon Overview and Level Annotations

Branches:
Dungeon (1/15)

Altars:


Innate Abilities, Weirdness & Mutations

Spells you cast may paralyse adjacent enemies.


Message History

An endoplasm comes into view.
A kobold comes into view. It is wielding a +0 dagger.
The ball python hisses angrily.
The kobold shouts!
The frilled lizard bites you but does no damage.
The frilled lizard attacks as you move away!
The frilled lizard misses you. The hobgoblin closely misses you.
You hit the frilled lizard.
You kill the frilled lizard!
You slash the hobgoblin!
You kill the hobgoblin!
The ball python bites you but does no damage.
The ball python grabs you. The ball python constricts you.
You hit the ball python.
The ball python is severely wounded.
The ball python bites you. The ball python constricts you.
The ball python bites you but does no damage.
The ball python constricts you.
You closely miss the ball python.
The ball python is severely wounded.
The ball python bites you. The ball python constricts you.
You slash the ball python!
You kill the ball python!
You slash the endoplasm!
You kill the endoplasm!
The kobold hits you with a +0 dagger.
Your Throwing skill increases to level 2!
You slash the kobold!
You kill the kobold!
You have reached level 2!
Your demonic ancestry asserts itself...
A menacing aura infuses your magic.
Things that are here:
a +0 dagger; a kobold corpse You see here a giant cockroach corpse.
There is a staircase leading out of the dungeon here.
You can't go down here!
Are you sure you want to leave the Dungeon?
This will make you lose the game!
You have escaped!

####....##. ##..#...#
######### #...###)#
##...8...###...# #.#
##..8...8..##...###.#
.#8.........8#.†.....#
....8..(..8....).....#
.#8.........8#..........
##..8.@.8..##....##.###
##...8...###.......#
######### #....##.#
##..###.# #### #.. #..


There were no monsters in sight!

Vanquished Creatures
  A ball python (D:1)
  An endoplasm (D:1)
  A giant cockroach (D:1)
  A goblin (D:1)
  A hobgoblin (D:1)
  A kobold (D:1)
  A frilled lizard (D:1)
7 creatures vanquished.

Notes
Turn   | Place    | Note
-------+----------+-------------------------------------------
     0 | D:1      | Sabo the Demonspawn Gladiator began the quest for the Orb.
     0 | D:1      | Reached XP level 1. HP: 16/16 MP: 1/1
    49 | D:1      | Gained mutation: Spells you cast may paralyse adjacent
                  | enemies. [demonic ancestry]
    49 | D:1      | Reached XP level 2. HP: 14/22 MP: 2/2
    80 | D:$      | Got out of the dungeon alive.

Illustrated notes

Levels and vault maps discovered:
D:1:      erik_arrival_orb_chamber, layout_rooms, serial_shops, shop_fountains,
          chequers_serial_rivers_room_a

Skill      XL: |  1 |
---------------+----+-----
Throwing       | 2 |  2.0
Fighting       | |  2.0
Axes           | |  2.9
Dodging        | |  2.9

Action                     || total
---------------------------++-------
  Melee: War axe           ||    18
 Armour: Leather armour    ||     8
  Dodge: Dodged            ||    14
